 Dungeon Crawl Stone Soup version 0.27.1-33-g824d729ab1 (webtiles) character file.

Game seed: 50532958034532459

10444 potato4science the Cleaver (level 11, -1/100 HPs)
             Began as a Hill Orc Fighter on Dec 19, 2021.
             Was a High Priest of Okawaru.
             Killed by divine providence
             ... invoked by a meliai
              (15 damage)
             ... on level 11 of the Dungeon.
             The game lasted 01:05:29 (14222 turns).

potato4science the Cleaver (Hill Orc Fighter)      Turns: 14222, Time: 01:05:30

Health: -1/100     AC: 23    Str: 23    XL:     11   Next: 62%
Magic:  13/14      EV:  7    Int:  8    God:    Okawaru [*****.]
Gold:   532        SH: 20    Dex: 12    Spells: 10/10 levels left

rFire    + . .     SeeInvis +   n - +3 broad axe
rCold    . . .     Faith    .   j - +0 tower shield
rNeg     . . .     Spirit   .   b - +0 plate armour
rPois    .         Reflect  .   y - +2 helmet {SInv}
rElec    .         Harm     .   m - +0 cloak
rCorr    +         Rampage  .   (no gloves)
Will     .....                  g - +0 pair of boots
Stlth    ..........             (no amulet)
HPRegen  0.26/turn              G - ring of Nitu Nas {rCorr Dex+2}
MPRegen  0.14/turn              C - ring of protection from fire

@: lethally poisoned (-1 -> -26), heroic, hasted, very quick
A: no striking features
a: Renounce Religion, Heroism, Finesse


You were on level 11 of the Dungeon.
You worshipped Okawaru.
Okawaru was extremely pleased with you.
You visited 1 branch of the dungeon, and saw 11 of its levels.

You collected 532 gold pieces.

Inventory:

Hand Weapons
 n - a +3 broad axe (weapon)
 I - a +0 scimitar of flaming
Missiles
 q - 8 curare-tipped darts
 v - a boomerang
 E - 5 javelins (quivered)
Armour
 b - a +0 plate armour (worn)
 g - a +0 pair of boots (worn)
 j - a +0 tower shield (worn)
 m - a +0 cloak (worn)
 y - a +2 helmet of see invisible (worn)
Magical Staves
 i - a staff of cold
Jewellery
 C - a ring of protection from fire (right hand)
 G - the ring of Nitu Nas (left hand) {rCorr Dex+2}
   (You found it on level 9 of the Dungeon)

   [ring of resist corrosion]

   Dex:       It affects your dexterity (+2).
   rCorr:     It protects you from acid and corrosion.
Wands
 d - a wand of acid (2)
 o - a wand of flame (21)
 w - a wand of paralysis (16)
 B - a wand of iceblast (9)
 D - a wand of polymorph (9)
 H - a wand of charming (8)
Scrolls
 a - a scroll of blinking {unknown}
 c - 3 scrolls of teleportation
 e - 2 scrolls of fog
 p - 3 scrolls of vulnerability
 F - a scroll of magic mapping
Potions
 f - 2 potions of flight
 h - 2 potions of lignification
 k - 3 potions of ambrosia
 r - a potion of might
 s - 2 potions of mutation
 t - a potion of magic {unknown}
 u - 2 potions of heal wounds {unknown}
 x - a potion of degeneration
 z - a potion of haste
 A - a potion of resistance {unknown}


   Skills:
 + Level 10.2(15.2) Fighting
 * Level 13.5(18.5) Axes
 + Level 9.4(14.4) Armour
 - Level 1.0(6.0) Dodging
 + Level 9.4(14.4) Shields
 * Level 5.2 Invocations


You had 10 spell levels left.
You didn't know any spells.
Your spell library contained the following spells:

 Spells                   Type           Power      Damage    Failure   Level
 Corona                   Hex            0%         N/A       100%        1
 Foxfire                  Conj/Fire      0%         2x1d4     100%        1
 Blink                    Tloc           N/A        N/A       100%        2
 Corpse Rot               Necr/Air       N/A        N/A       100%        2
 Ensorcelled Hibernation  Hex/Ice        0%         N/A       100%        2
 Slow                     Hex            0%         N/A       100%        2
 Confusing Touch          Hex            0%         N/A       100%        3
 Conjure Flame            Conj/Fire      0%         6-21      100%        3
 Ignite Poison            Fire/Tmut/Pois 0%         N/A       100%        3
 Inner Flame              Hex/Fire       0%         N/A       100%        3
 Mephitic Cloud           Conj/Pois/Air  0%         N/A       100%        3
 Stone Arrow              Conj/Erth      0%         3d7       100%        3
 Tukima's Dance           Hex            0%         N/A       100%        3
 Animate Armour           Summ/Erth      0%         N/A       100%        4
 Dispel Undead            Necr           0%         3d6       100%        4
 Bolt of Magma            Conj/Fire/Erth 0%         4d4       100%        5
 Manifold Assault         Tloc           0%         N/A       100%        5
 Yara's Violent Unravell  Hex/Tmut       0%         3d3       100%        5
 Conjure Ball Lightning   Conj/Air       0%         3x3d6     100%        6
 Death Channel            Necr           0%         N/A       100%        6
 Dispersal                Tloc           0%         N/A       100%        6
 Storm Form               Tmut/Air       0%         N/A       100%        7
 Discord                  Hex            0%         N/A       100%        8
 Disjunction              Tloc           0%         N/A       100%        8
 Lehudib's Crystal Spear  Conj/Erth      0%         10d2      100%        8


Dungeon Overview and Level Annotations

Branches:
Dungeon (11/15)            Temple (0/1) D:6            Lair (0/6) D:9
    Orc: D:9-12

Altars:
Cheibriados
Elyvilon
Kikubaaqudgha
Nemelex Xobeh
Okawaru
Sif Muna
Trog
Zin
The Shining One

Annotations:
D:8 Gastronok
D:9 Erica


Message History

You are poisoned.
The meliai poisons you!
You closely miss the meliai.
The meliai is heavily wounded.
You hit the meliai.
You feel very sick.
You block the meliai's attack. x2; The meliai closely misses you.
The meliai barely misses you. x2
The meliai stings you but does no damage.
The meliai hits you with a +0 hand axe. The meliai completely misses you.
You fail to use your ability.
You feel sick. You block the meliai's attack. The meliai stings you.
You block the meliai's attack. The meliai stings you.
The meliai hits you but does no damage.
The meliai stings you but does no damage.
You block the meliai's attack. x2
You hit the meliai.
The meliai is heavily wounded.
You closely miss the meliai.
You feel sick. The meliai closely misses you. You block the meliai's attack.
The meliai hits you but does no damage. You block the meliai's attack.
The meliai hits you with a +0 hand axe.
You block the meliai's attack. x2; The meliai stings you.
Okay, then.
You feel better. You block the meliai's attack.
The meliai stings you but does no damage.
The meliai hits you but does no damage. You block the meliai's attack. x2
The meliai barely misses you. The meliai hits you with a +0 hand axe.
The meliai stings you but does no damage.
You feel yourself speed up. You block the meliai's attack.
The meliai stings you.
* * * LOW HITPOINT WARNING * * *
You are poisoned.
The meliai poisons you!
The meliai mumbles some strange prayers to its god against you.
Something smites you!
* * * LOW HITPOINT WARNING * * *
You block the meliai's attack.
The meliai stings you but does no damage.
The meliai invokes the aid of its god against you.
Something smites you!
You die...

.....#########...####.##......
#..........# #####.....#..####
#..#..#..#.# #.....'..####
...........#############......
.........y.......###..........
..>..#..#..#.....#.#(.....#..#
..# .#..#..#.....#.#..........
.........yy...#.#####'####.
..)###...#@####.##.......#.
..#.. #.#.#...............#. .
... #...#......##########.
#### #...#......'.....(...#
'...#..##..#..####...#
.#...#..##..#.........#
..#...#...#^.#.......###
#..##..#.....#.#
#..#####.....#.#


You could see 2 meliai.

Vanquished Creatures
  Josephine (D:10)
  A two-headed ogre (D:9)
  Urug (D:10)
  A cyclops (D:11)
  Maurice (D:10)
  Maggie (D:9)
  Prince Ribbit (D:9)
  A troll (D:10)
  4 wraiths
  A shadow (D:6)
  9 yaks
  2 steam dragons (D:7)
  6 water moccasins (D:9)
  4 orc warriors
  2 ice beasts
  5 black bears
  A necrophage (D:6)
  3 ogres
  2 phantoms (D:4)
  3 centaurs
  3 kobold brigands
  2 wyvern zombies
  4 bullfrogs
  2 gnoll sergeants
  A water moccasin zombie (D:7)
  A scorpion (D:9)
  7 killer bees
  4 wights (D:9)
  5 howler monkeys
  2 centaur zombies
  A bullfrog zombie (D:6)
  2 jellies
  4 orc priests
  4 hounds
  4 iguanas
  Natasha (thrice) (D:3)
  5 orc wizards
  A hound skeleton (D:4)
  4 howler monkey zombies
  10 gnolls
  5 adders
  A shadow imp (D:8)
  2 adder skeletons (D:4)
  6 worms
  A dart slug (D:2)
  11 orcs
  A ball python (D:4)
  3 bats
  6 endoplasms
  2 giant cockroaches
  2 hobgoblins
  6 jackals
  2 quokkas (D:2)
  3 frilled lizards
  7 goblins
  30 kobolds
  4 rats
211 creatures vanquished.

Vanquished Creatures (others)
  36 fungi (D:9)
  41 plants (D:9)
77 creatures vanquished.

Grand Total: 288 creatures vanquished

Notes
Turn   | Place    | Note
-------+----------+-------------------------------------------
     0 | D:1      | potato4science the Hill Orc Fighter began the quest for the
                  | Orb.
     0 | D:1      | Reached XP level 1. HP: 19/19 MP: 1/1
   342 | D:1      | Reached XP level 2. HP: 27/27 MP: 2/2
   355 | D:1      | Reached skill level 3 in Axes
   624 | D:1      | Reached XP level 3. HP: 29/33 MP: 3/3
  1802 | D:2      | Reached skill level 1 in Dodging
  1995 | D:2      | Reached XP level 4. HP: 36/40 MP: 4/4
  2195 | D:3      | Noticed an ice beast
  2214 | D:3      | Killed an ice beast
  2215 | D:3      | Reached skill level 4 in Axes
  2215 | D:3      | Reached XP level 5. HP: 22/47 MP: 5/5
  2415 | D:3      | Found a sparkling altar of Nemelex Xobeh.
  2652 | D:3      | Noticed Natasha
  2660 | D:3      | Killed Natasha
  3163 | D:3      | Noticed Natasha
  3171 | D:3      | Killed Natasha
  3439 | D:3      | Found a bloodstained altar of Trog.
  3534 | D:3      | Noticed Natasha
  3548 | D:3      | Killed Natasha
  3549 | D:3      | Reached XP level 6. HP: 43/55 MP: 6/6
  3704 | D:4      | Found a snail-covered altar of Cheibriados.
  3751 | D:4      | Reached skill level 5 in Fighting
  4214 | D:4      | Reached skill level 5 in Axes
  4437 | D:4      | Noticed a black bear
  4440 | D:4      | Killed a black bear
  4441 | D:4      | Reached skill level 5 in Armour
  4441 | D:4      | Reached skill level 5 in Shields
  4441 | D:4      | Reached XP level 7. HP: 61/61 MP: 7/7
  4673 | D:5      | Entered Level 5 of the Dungeon
  4717 | D:5      | Found a white marble altar of Elyvilon.
  4785 | D:5      | You fall into a shaft and drop 1 floor!
  4958 | D:5      | Found an iron altar of Okawaru.
  4968 | D:5      | Became a worshipper of Warmaster Okawaru
  5280 | D:5      | Found a shimmering blue altar of Sif Muna.
  5510 | D:6      | Reached skill level 6 in Axes
  5587 | D:5      | Reached XP level 8. HP: 57/70 MP: 8/8
  5970 | D:6      | Reached * piety under Okawaru
  6020 | D:6      | Found a staircase to the Ecumenical Temple.
  6069 | D:6      | Found a glowing golden altar of the Shining One.
  6087 | D:6      | Noticed a shadow
  6096 | D:6      | Killed a shadow
  6097 | D:6      | Reached skill level 7 in Axes
  6097 | D:6      | Reached skill level 1 in Invocations
  7018 | D:7      | Reached ** piety under Okawaru
  7195 | D:7      | Reached skill level 8 in Axes
  7195 | D:7      | Reached XP level 9. HP: 79/79 MP: 10/12
  7463 | D:7      | Reached skill level 5 in Invocations
  7714 | D:7      | Reached *** piety under Okawaru
  7784 | D:7      | Reached skill level 9 in Axes
  8005 | D:8      | Found an ancient bone altar of Kikubaaqudgha.
  8503 | D:8      | Reached **** piety under Okawaru
  8506 | D:8      | Reached skill level 10 in Axes
  8509 | D:8      | Noticed Gastronok
  8918 | D:8      | Reached XP level 10. HP: 88/88 MP: 13/13
  9948 | D:9      | Noticed Erica
 10133 | D:9      | Identified the ring of Nitu Nas {rCorr Dex+2}
 10199 | D:9      | Reached skill level 11 in Axes
 10364 | D:9      | Found a staircase to the Lair.
 10647 | D:9      | Noticed Prince Ribbit
 10672 | D:9      | Killed Prince Ribbit
 10672 | D:9      | Reached ***** piety under Okawaru
 10891 | D:9      | Noticed Maggie
 10908 | D:9      | Killed Maggie
 10911 | D:9      | Found a glowing silver altar of Zin.
 11083 | D:9      | Noticed a two-headed ogre
 11108 | D:9      | Killed a two-headed ogre
 11109 | D:9      | Reached skill level 12 in Axes
 11331 | D:10     | Entered Level 10 of the Dungeon
 11455 | D:10     | Reached XP level 11. HP: 65/97 MP: 11/14
 11847 | D:10     | Noticed Maurice
 11852 | D:10     | Killed Maurice
 11999 | D:10     | Noticed Josephine
 12301 | D:10     | Received a gift from Okawaru
 12766 | D:10     | Reached skill level 13 in Axes
 13163 | D:10     | Killed Josephine
 13164 | D:10     | Reached skill level 10 in Fighting
 13331 | D:10     | Noticed Urug
 13346 | D:10     | Killed Urug
 14099 | D:11     | Noticed a cyclops
 14111 | D:11     | Killed a cyclops
 14222 | D:11     | Killed from afar by a meliai

Illustrated notes

Levels and vault maps discovered:
D:1:      amcnicky_arrival_flooded_fountain, layout_basic
D:2:      layout_basic
D:3:      layout_basic, mainiacjoe_overflow_alcove_1,
          mainiacjoe_overflow_alcove_2, chequers_serial_rivers_room_a,
          uniq_natasha
D:4:      layout_loops_ring, lemuel_tele_altar
D:5:      layout_basic, lemuel_round_altar, okawaru_gym_becter, elyvilon_altar_5
D:6:      layout_loops_ring, mainiacjoe_overflow_brackets,
          minmay_temple_entry_junction
D:7:      layout_loops_cross, kennysheep_generic_room_14
D:8:      layout_cave_pools, kiku_gazebo_pond_becter, kennysheep_big_empty_room,
          minmay_checkerbox, uniq_gastronok
D:9:      layout_irregular_city, zin_academy, due_lair_maze_entry_diamond,
          uniq_erica, uniq_prince_ribbit1, uniq_maggie
D:10:     layout_gridville, solitary_fountain, corexii_checkpoint_a, uniq_urug,
          uniq_josephine, uniq_maurice
D:11:     layout_stronghold

Skill      XL: |  1  2  3  4  5  6  7  8  9 10 11 |
---------------+----------------------------------+-----
Axes           | 3 4 5 6 8 10 12 13 | 13.5
Fighting       | 4 5 6 7 8 9 10 | 10.2
Dodging        | 1 |  1.0
Armour         | 4 5 6 7 8 9 |  9.4
Shields        | 4 5 6 7 8 9 |  9.4
Invocations    | 4 5 |  5.2

Action                   |  1- 3 |  4- 6 |  7- 9 | 10-12 || total
-------------------------+-------+-------+-------+-------++-------
Melee: War axe           |   129 |   124 |   274 |   175 ||   702
       Broad axe         |       |       |       |   122 ||   122
Throw: Boomerang         |       |       |    19 |    27 ||    46
Invok: Heroism           |       |       |     3 |     8 ||    11
       Finesse           |       |       |       |     1 ||     1
Evoke: Wand              |       |     3 |     6 |       ||     9
  Use: Potion            |       |     1 |     3 |     2 ||     6
       Scroll            |       |     9 |       |    11 ||    20
Armor: Scale mail        |    13 |       |       |       ||    13
       Plate armour      |    36 |    60 |   168 |   149 ||   413
       Chain mail        |    29 |       |       |       ||    29
Dodge: Dodged            |    28 |     8 |    48 |    52 ||   136
Block: Kite shield       |    73 |       |       |       ||    73
       Tower shield      |    13 |    98 |   315 |   320 ||   746
